 Dungeon Crawl Stone Soup version 0.19-a0-854-gc78d25d (webtiles) character file.

96 4thArraOfDagon the Cudgeler (level 4, 0/48 HPs)
             Began as an Ogre Wanderer on July 1, 2016.
             Was a Follower of Uskayaw.
             Killed from afar by Sigmund (5 damage)
             ... with a puff of flame
             ... on level 5 of the Dungeon.
             The game lasted 00:03:12 (799 turns).

4thArraOfDagon the Cudgeler (Ogre Wanderer)          Turns: 799, Time: 00:03:13

Health: 0/48       AC:  3    Str: 18 (21) XL:     4   Next: 67%
Magic:  4/4        EV: 10    Int:  9 (11) God:    Uskayaw [*.....]
Gold:   29         SH:  0    Dex: 10 (11) Spells: 0 memorised, 3 levels left

rFire  . . .     SeeInvis .     a - +0 hand axe (drain)
rCold  + . .     Gourm    .     d - +0 robe
rNeg   . . .     Faith    .     (no shield)
rPois  .         Spirit   .     (helmet restricted)
rElec  .         Dismiss  .     (no cloak)
rCorr  .         Reflect  .     (gloves unavailable)
SustAt .         Harm     .     (boots unavailable)
MR     .....                    (no amulet)
Stlth  +.........               (no ring)
                                h - ring of protection from cold

@: mighty, not resistant to hostile enchantments, very unstealthy
A: unfitting armour, tough skin 1
a: Stomp, Renounce Religion


You were on level 5 of the Dungeon.
You worshipped Uskayaw.
Uskayaw was aware of your devotion.
You were not hungry.

You visited 1 branch of the dungeon, and saw 5 of its levels.

You collected 29 gold pieces.

Inventory:

Hand Weapons
 a - a +0 hand axe of draining (weapon)
 b - a +0 mace
Armour
 d - a +0 robe (worn)
Jewellery
 h - a ring of protection from cold (left hand)
Scrolls
 e - 2 scrolls of identify {unknown}
 g - a scroll of noise {unknown}
 i - 2 scrolls of enchant weapon {unknown}
 m - 2 scrolls of magic mapping {unknown}
 n - a scroll of blinking {unknown}
 p - a scroll of teleportation {unknown}
Potions
 c - 2 potions of lignification
Comestibles
 f - a bread ration
 j - 6 fruits
 l - 2 meat rations


   Skills:
 + Level 3.7 Fighting
 * Level 4.7 Maces & Flails
   Level 1.0 Polearms
 - Level 1.0 Throwing
 + Level 2.8 Dodging
   Level 1.0 Shields
 + Level 0.7 Invocations


You had 3 spell levels left.
You didn't know any spells.

Dungeon Overview and Level Annotations

Branches:
Dungeon (5/15)
 Temple: D:4-7

Altars:
Uskayaw

Annotations:
D:2 1 exclusion
D:5 Sigmund


Innate Abilities, Weirdness & Mutations

You are too large for most types of armour.
You have tough skin. (AC +1)


Message History

You feel less woody.
Your +0 robe unmelds from your body.
You hear some strange, mumbled words.
Something tries to affect you, but you resist.
Okay, then.
Okay, then.
Something completely misses you.
The orc warrior hits you from afar with a trident!
* * * LOW HITPOINT WARNING * * *
Unknown command.
Unknown command.
You miss something.
You feel less confused. The orc warrior misses you. Something hits you!
* * * LOW HITPOINT WARNING * * *
Unknown command.
Unknown command.
A puff of flame appears from out of thin air!
The puff of flame hits you!
You die...

.# #####.###. #.@.......
## #.###.##.# .+
#.##..##.# .#
#{#...##.## o#..
#gog...#..# .#.. #.
#ogo......+ .#..
....#####.#...######'#..
#................o.o....
..####...o.....###......


You could see a gnoll and an orc.

Vanquished Creatures
  An iguana (D:5)
  6 adders
  3 bats
  A giant cockroach (D:1)
  5 goblins
  A hobgoblin (D:1)
  A giant gecko skeleton (D:4)
  2 giant newts
  2 kobolds (D:2)
22 creatures vanquished.

Notes
Turn   | Place    | Note
-------+----------+-------------------------------------------
     0 | D:1      | 4thArraOfDagon the Ogre Wanderer began the quest for the Orb.
     0 | D:1      | 4thArraOfDagon set off with: a +0 shield, a +0 mace, a potion of lignification, a +0 robe, a bread ration
     0 | D:1      | Reached XP level 1. HP: 22/22 MP: 1/1
    65 | D:1      | Reached skill level 3 in Maces & Flails
   152 | D:2      | Reached XP level 2. HP: 20/31 MP: 2/2
   224 | D:3      | Reached skill level 4 in Maces & Flails
   224 | D:3      | Reached XP level 3. HP: 24/37 MP: 3/3
   247 | D:3      | Found a hide-covered altar of Uskayaw.
   253 | D:3      | Became a worshipper of Uskayaw the Reveler
   282 | D:3      | Reached * piety under Uskayaw
   468 | D:2      | Reached ** piety under Uskayaw
   488 | D:2      | Found a faded altar of an unknown god.
   544 | D:2      | Reached XP level 4. HP: 26/45 MP: 4/4
   705 | D:5      | Entered Level 5 of the Dungeon
   725 | D:5      | Noticed an orc warrior
   735 | D:5      | Noticed Sigmund
   799 | D:5      | Killed from afar by Sigmund

Vault maps used:
D:1:      dpeg_arrival_round_c, minmay_misc_feat_room
D:2:      lemuel_doored_altar, ecumenical_altar_1, minmay_crystal_room,
          uniq_crazy_yiuf_cottage
D:3:      overflow_temple_1_default, first_bread
D:4:      ashenzari_conservatory_becter, serial_shops, nicolae_shop_statue_plus
D:5:      kennysheep_mini_moat, serial_shops, shop, minmay_item_behind_shaft,
          minmay_misc_feat_encased, evilmike_ruin_ashenzari, uniq_sigmund

Skill      XL: |  1  2 |
---------------+-------+-----
Maces & Flails | 3 4 |  4.7
Fighting       | 3 |  3.7
Polearms       | |  1.0
Throwing       | |  1.0
Dodging        | |  2.8
Shields        | |  1.0
Invocations    | |  0.7

Action                   |  1- 3 |  4- 6 || total
-------------------------+-------+-------++-------
Melee: Hand axe          |    55 |    22 ||    77
       Mace              |     6 |       ||     6
  Use: Potion            |     1 |     4 ||     5
 Stab: Sleeping          |       |     1 ||     1
Armor: Robe              |    23 |     2 ||    25
       Skin              |       |    28 ||    28
Dodge: Dodged            |    36 |    11 ||    47
